 Dungeon Crawl Stone Soup version 0.13-a0-3104-gb5885e9 (webtiles) character file.

146 Malachi the Skirmisher (level 3, -6/28 HPs)
             Began as a Mummy Chaos Knight on Sept 19, 2013.
             Was a Plaything of Xom.
             Mangled by a worm (9 damage)
             ... on Level 2 of the Dungeon.
             The game lasted 00:03:10 (11089 turns).

Malachi the Skirmisher (Mummy Chaos Knight)        Turns: 11089, Time: 00:03:10

HP  -6/28        AC  5     Str 16      XL: 3   Next: 98%
MP   3/3         EV  9     Int 11      God: Xom
Gold 79          SH  6     Dex 11      Spells:  0 memorised,  2 levels left

Res.Fire  : x . .   See Invis. : .   a - +0 spear (chaos) {=f}
Res.Cold  : + . .   Warding    : .   b - +2 leather armour
Life Prot.: + + +   Conserve   : .   i - +0 dwarf buckler
Res.Poison: +       Res.Corr.  : .   (no helmet)
Res.Elec. : .       Clarity    : .   (no cloak)
Sust.Abil.: . .     Spirit.Shd : .   (no gloves)
Res.Mut.  : .       Stasis     : .   (no boots)
Res.Rott. : +       Flight     : .   (no amulet)
Saprovore : . . .                    (no ring)
                                     (no ring)

@: slightly resistant to hostile enchantments, unstealthy
A: no food or potions, fire vulnerability, restore body, cold resistance 1, life
protection 3, poison resistance, torment resistance, unbreathing
a: Renounce Religion


You were on level 2 of the Dungeon.
You worshipped Xom.
You were a toy of Xom.
You were not hungry.

You visited 1 branch of the dungeon, and saw 2 of its levels.

You collected 59 gold pieces.

Inventory:

Hand weapons
 a - a +0,+0 spear of chaos (weapon) {=f}
Armour
 b - a +2 leather armour (worn)
 i - a +0 dwarven buckler (worn)
Scrolls
 c - 3 scrolls of identify {unknown}
 d - 2 scrolls of curse weapon {unknown}
 e - 2 scrolls of curse jewellery {unknown}
 f - 2 scrolls of remove curse {unknown}
 g - a scroll of recharging {unknown}
 h - a scroll of random uselessness {unknown}


   Skills:
 + Level 3.5 Fighting
 + Level 3.2 Polearms
 + Level 1.9 Armour
 + Level 1.0 Dodging
 + Level 0.6 Stealth


You had 2 spell levels left.
You didn't know any spells.

Dungeon Overview and Level Annotations

Branches:
Dungeon (2/27)

Altars:
Xom


Innate Abilities, Weirdness & Mutations

You do not eat or drink.
Your flesh is vulnerable to fire.
Your flesh is cold resistant.
You are immune to negative energy.
Your system is resistant to poisons.
You are immune to unholy pain and torment.
You can survive without breathing.


Message History

The worm is moderately wounded.
You hit the worm.
The worm flickers and vanishes!
Deactivating autopickup; reactivate with Ctrl-A.
Xom thinks this is hilarious!
Smoke pours forth from your spear of chaos!
It bites you.
No target in view!
No target in view!
No target in view!
No target in view!
No target in view!
No target in view!
Unknown command.
You closely miss it. You hit it.
Nothing appears to happen.
It bites you!
Your shield prevents you from hitting it.
It bites you!
* * * LOW HITPOINT WARNING * * *
You hit it. Waves of light ripple over your body. It bites you!
You die...

. .... #####
.....
.............
#....#.......
#....#.......
#............
#....{........
#...§@§.......
#....§§.###...
.. #.......#
....#....######
..............#
.###..........#
#...%......#
#..........#
#..........#


There were no monsters in sight!

Vanquished Creatures
  A gnoll (D:1)
  A giant mite (D:1)
  A worm (D:2)
  A giant gecko (D:1)
  An ooze (D:1)
  A ball python (D:1)
  6 bats
  5 hobgoblins (D:1)
  5 jackals
  3 giant newts (D:1)
  5 goblins (D:1)
  4 kobolds (D:1)
  6 rats (D:1)
40 creatures vanquished.

Vanquished Creatures (collateral kills)
  A jackal (D:1)
1 creature vanquished.

Grand Total: 41 creatures vanquished

Notes
Turn   | Place    | Note
--------------------------------------------------------------
     0 | D:1      | Malachi, the Mummy Chaos Knight, began the quest for the Orb.
     0 | D:1      | Reached XP level 1. HP: 16/16 MP: 1/1
    15 | D:1      | XOM: divination: detect creatures
   143 | D:1      | XOM: harmless Pois miscast
   145 | D:1      | XOM: polymorph giant newt -> jackal
   146 | D:1      | XOM: cast spell 'Summon Small Mammal'
   183 | D:1      | Reached skill level 1 in Dodging
   183 | D:1      | Reached XP level 2. HP: 15/22 MP: 2/2
   283 | D:1      | XOM: scenery: create altars
   329 | D:1      | XOM: silly message
   414 | D:1      | XOM: medium Erth miscast
   940 | D:1      | XOM: mild Pois miscast
  1461 | D:1      | XOM: colour smoke trail
  1889 | D:1      | Reached XP level 3. HP: 26/28 MP: 3/3
  2958 | D:1      | XOM: silly message
  3466 | D:1      | XOM is BORED!
  3466 | D:1      | XOM: mild Pois miscast
  3486 | D:1      | XOM: silly message
  3493 | D:1      | XOM: harmless Tloc miscast
  3724 | D:1      | XOM: vitrification
  3788 | D:1      | XOM: medium Tloc miscast
  3802 | D:1      | XOM: vitrification
  4139 | D:1      | XOM: colour smoke trail
  5241 | D:1      | XOM: harmless Chrm miscast
  5851 | D:1      | XOM: divination: detect creatures
  6885 | D:1      | XOM: colour smoke trail
  6955 | D:1      | XOM: scenery: create altars
  7339 | D:1      | XOM: colour smoke trail
  7676 | D:1      | XOM: silly message
  8078 | D:1      | XOM: mild Fire miscast
  8203 | D:1      | XOM is BORED!
  8203 | D:1      | XOM: noise
  8564 | D:1      | XOM: medium Erth miscast
  9594 | D:1      | XOM: colour smoke trail
  9747 | D:1      | XOM: vitrification
  9907 | D:1      | XOM is BORED!
  9907 | D:1      | XOM: medium Conj miscast
 10078 | D:1      | XOM: noise
 10213 | D:1      | XOM: colour smoke trail
 10551 | D:1      | XOM: 1-stop teleportation journey
 10560 | D:1      | XOM: cast spell 'Summon Butterflies'
 11089 | D:2      | Mangled by a worm

Action                   || total
-------------------------++-------
Melee: Spear             ||   149
 Stab: Paralysed         ||     2
